 Dungeon Crawl Stone Soup version 0.16.0-16-g311141a (webtiles) character file.

100 valak23 the Skirmisher (level 4, -2/37 HPs)
             Began as a Demonspawn Berserker on Mar 19, 2015.
             Was a Believer of Trog.
             Slain by an orc priest
             ... wielding a +0 short sword
              (4 damage)
             ... on level 3 of the Dungeon.
             The game lasted 00:05:57 (1859 turns).

valak23 the Skirmisher (Demonspawn Berserker)       Turns: 1859, Time: 00:05:57

Health: -2/37      AC: 10    Str: 18    XL:     4   Next: 46%
Magic:  4/4        EV: 10    Int:  8    God:    Trog [**....]
Gold:   122        SH:  5    Dex: 13    Spells: 0 memorised, 3 levels left

rFire  x . .     SeeInvis .     a - +0 hand axe
rCold  + . .     Clarity  .     s - +0 scale mail
rNeg   . . .     SustAb   .     j - +0 buckler
rPois  .         Gourm    .     l - +0 helmet
rElec  .         Spirit   .     m - +0 cloak {+Inv}
rCorr  .         Warding  .     (no gloves)
rMut   .         Stasis   .     (no boots)
MR     ++...                    (no amulet)
Stlth  ..........               (no ring)
                                t - ring of ice

@: regenerating, very resistant to hostile enchantments, extremely unstealthy
A: large bone plates 1
a: Burn Spellbooks, Berserk, Trog's Hand, Renounce Religion, Evoke Invisibility


You were on level 3 of the Dungeon.
You worshipped Trog.
Trog was pleased with you.
You were not hungry.

You visited 1 branch of the dungeon, and saw 3 of its levels.

You collected 122 gold pieces.

Inventory:

Hand weapons
 a - a +0 hand axe (weapon)
Armour
 j - a +0 buckler (worn)
 l - a +0 helmet (worn)
 m - a +0 cloak of invisibility (worn)
 s - a +0 scale mail (worn)
Jewellery
 t - a ring of ice (left hand)
Magical devices
 b - a wand of fireball (6)
Scrolls
 e - 5 scrolls of remove curse {unknown}
 g - a scroll of immolation {unknown}
 i - a scroll of enchant weapon {unknown}
 k - 3 scrolls of identify
 o - a scroll of fear {unknown}
 q - 2 scrolls of fog {unknown}
Potions
 d - a potion of cancellation {unknown}
 f - a potion of restore abilities {unknown}
 h - 2 potions of curing {unknown}
 n - 2 potions of haste {unknown}
 p - a potion of magic {unknown}
 r - a potion of mutation {unknown}
Comestibles
 c - a bread ration


   Skills:
 + Level 3.8 Fighting
 + Level 3.6 Axes
 + Level 1.9 Armour
 + Level 2.5 Dodging
 + Level 0.4 Stealth
 + Level 0.3 Shields


You had 3 spell levels left.
You didn't know any spells.

Dungeon Overview and Level Annotations

Branches:
Dungeon (3/15)

Altars:
Dithmenos
Elyvilon
Nemelex Xobeh
Sif Muna
The Shining One


Innate Abilities, Weirdness & Mutations

You are partially covered in large bone plates (AC +2, SH +2).


Message History

The orc priest hits you but does no damage.
The orc priest hits you with a short sword.
* * * LOW HITPOINT WARNING * * *
You hit the orc priest but do no damage.
The orc priest hits you with a short sword.
* * * LOW HITPOINT WARNING * * *
You hit the orc priest but do no damage.
You block the orc priest's attack.
You closely miss the orc priest.
The orc priest becomes somewhat translucent.
You barely miss the orc priest. The orc priest completely misses you.
You hit the orc priest but do no damage.
The orc priest mumbles some strange prayers to Beogh against you.
Something smites you!
* * * LOW HITPOINT WARNING * * *
You hit the orc priest but do no damage.
You feel the effects of Trog's Hand fading.
The orc priest hits you but does no damage.
The orc priest hits you with a short sword.
You die...

.# #. #.#
#.'...8#
.#
##..#.#
###♣._##
.# ...#.#
##.# ##
###
##'#'####
### ##
..#
#.......#
.###.#
#.......#
..##.#
#)......#
..##.#
#.......#
#'##.#
###.@####
...#'####
##o#
........#
#.#
........#
#.#
#..)....#
#.#
#..))...#
#.#
#.......#
####.#
#...(...#
..#.#
####'####
#.#.#


You could see an orc priest.

Vanquished Creatures
  4 adders
  An adder skeleton (D:3)
  3 oozes
  An orc (D:3)
  A ball python (D:2)
  4 bats
  7 goblins
  12 hobgoblins
  3 jackals (D:2)
  4 kobolds
  A quokka (D:2)
  A giant cockroach (D:2)
  3 giant newts
  8 rats
53 creatures vanquished.

Notes
Turn   | Place    | Note
--------------------------------------------------------------
     0 | D:1      | valak23, the Demonspawn Berserker, began the quest for the Orb.
     0 | D:1      | Reached XP level 1. HP: 18/18 MP: 1/1
   108 | D:1      | Gained mutation: You are partially covered in large bone plates (AC +2, SH +2). [demonic ancestry]
   108 | D:1      | Reached XP level 2. HP: 5/24 MP: 2/2
   555 | D:1      | Found a sparkling altar of Nemelex Xobeh.
   645 | D:1      | Reached XP level 3. HP: 26/29 MP: 3/3
   856 | D:2      | Acquired Trog's second power
  1178 | D:2      | Reached XP level 4. HP: 28/37 MP: 4/4
  1334 | D:3      | Found a shadowy altar of Dithmenos.
  1606 | D:3      | Found a deep blue altar of Sif Muna.
  1696 | D:3      | Found a white marble altar of Elyvilon.
  1697 | D:3      | Found a glowing golden altar of the Shining One.
  1858 | D:3      | HP: 1/37 [orc priest/divine providence (14)]
  1859 | D:3      | Slain by an orc priest

Action                   |  1- 3 |  4- 6 || total
-------------------------+-------+-------++-------
Melee: Hand axe          |    96 |    64 ||   160
Invok: Trog's Hand       |       |     1 ||     1
  Use: Scroll            |       |     1 ||     1
 Stab: Sleeping          |     2 |       ||     2
  Eat: Bread ration      |     1 |       ||     1
